2989 views
Uploaded 2020-10-10 08:02:53
Game version 1.32.8
27:01 long 1on1 ladder game on (2)TerenasStand_LV
Saved by FaST
2989 views
Uploaded 2020-10-10 08:02:53
Game version 1.32.8
27:01 long 1on1 ladder game on (2)TerenasStand_LV

47 units @ 6.7k
/ 0.7k
46 buildings @ 4.3k
/ 1.8k



| Scroll of Regeneration | 6 | 600 |
| Lesser Clarity Potion | 5 | 350 |
| Staff of Sanctuary | 2 | 500 |
| Dust of Appearance | 1 | 75 |
| Scroll of Town Portal | 1 | 350 |
| total: | 15 | 1875g |
| Peasant | 23 | 1725 | / | 0 |
| Footman | 7 | 945 | / | 0 |
| Dragonhawk Rider | 6 | 1200 | / | 180 |
| Gryphon Rider | 4 | 1120 | / | 280 |
| Goblin Shredder | 1 | 375 | / | 100 |
| Goblin Zeppelin | 1 | 240 | / | 60 |
| Forest Troll Shadow Priest | 3 | 585 | / | 30 |
| Forest Troll Berserker | 2 | 490 | / | 60 |
| total: | 47 | 6680g | / | 710w |
| Scout Tower | 14 | 420 | / | 280 |
| Arcane Tower | 2 | 140 | / | 100 |
| Guard Tower | 7 | 490 | / | 350 |
| Altar of Kings | 2 | 360 | / | 100 |
| Farm | 19 | 1520 | / | 380 |
| Barracks | 1 | 160 | / | 60 |
| Town Hall | 2 | 770 | / | 410 |
| Lumber Mill | 1 | 120 | / | 0 |
| Arcane Vault | 3 | 390 | / | 90 |
| Blacksmith | 1 | 140 | / | 60 |
| Gryphon Aviary | 3 | 420 | / | 450 |
| Keep | 1 | 320 | / | 210 |
| Castle | 1 | 360 | / | 210 |
| total: | 46 | 4300g | / | 1830w |
| 0:02 | Altar of Kings |
| 0:02 | Peasant |
| 0:02 | Peasant |
| 0:04 | Altar of Kings |
| 0:18 | Farm |
| 0:19 | Barracks |
| 0:24 | Peasant |
| 0:38 | Peasant |
| 0:59 | Farm |
| 1:01 | Peasant |
| 1:19 | Peasant |
| 1:21 | Footman |
| 1:35 | Footman |
| 1:38 | Peasant |
| 1:47 | Farm |
| 1:55 | Peasant |
| 2:05 | Storm Bolt |
| 2:16 | Forest Troll Shadow Priest |
| 2:32 | Footman |
| 2:32 | Peasant |
| 2:45 | Farm |
| 2:51 | Bash |
| 3:05 | Farm |
| 3:07 | Peasant |
| 3:08 | Footman |
| 3:27 | Footman |
| 3:53 | Footman |
| 4:08 | Storm Bolt |
| 4:12 | Town Hall |
| 4:22 | Dust of Appearance |
| 4:45 | Footman |
| 5:24 | Peasant |
| 5:25 | Scout Tower |
| 5:37 | Farm |
| 5:38 | Lumber Mill |
| 5:39 | Peasant |
| 5:40 | Peasant |
| 5:42 | Forest Troll Shadow Priest |
| 5:49 | Arcane Vault |
| 5:50 | Peasant |
| 5:57 | Arcane Tower |
| 6:17 | Peasant |
| 6:30 | Goblin Shredder |
| 7:20 | Keep |
| 7:40 | Forest Troll Berserker |
| 7:40 | Forest Troll Shadow Priest |
| 7:45 | Farm |
| 7:48 | Scout Tower |
| 7:54 | Farm |
| 7:59 | Goblin Zeppelin |
| 8:02 | Scroll of Regeneration |
| 8:02 | Lesser Clarity Potion |
| 8:23 | Arcane Tower |
| 8:25 | Scout Tower |
| 8:27 | Scout Tower |
| 8:31 | Scout Tower |
| 8:32 | Peasant |
| 8:35 | Farm |
| 8:38 | Blacksmith |
| 9:12 | Guard Tower |
| 9:19 | Improved Masonry |
| 9:20 | Scout Tower |
| 9:23 | Guard Tower |
| 9:25 | Farm |
| 9:30 | Forest Troll Berserker |
| 10:33 | Castle |
| 10:34 | Guard Tower |
| 10:36 | Farm |
| 10:52 | Farm |
| 10:54 | Scout Tower |
| 10:58 | Gryphon Aviary |
| 10:58 | Gryphon Aviary |
| 10:59 | Gryphon Aviary |
| 11:00 | Iron Forged Swords |
| 11:03 | Bash |
| 11:10 | Arcane Vault |
| 11:27 | Guard Tower |
| 11:44 | Siphon Mana |
| 11:49 | Farm |
| 11:50 | Studded Leather Armor |
| 11:57 | Scroll of Regeneration |
| 11:57 | Lesser Clarity Potion |
| 12:00 | Scroll of Regeneration |
| 12:24 | Dragonhawk Rider |
| 12:30 | Lesser Clarity Potion |
| 12:42 | Banish |
| 13:03 | Peasant |
| 13:03 | Peasant |
| 13:10 | Peasant |
| 13:10 | Peasant |
| 13:16 | Gryphon Rider |
| 13:25 | Farm |
| 13:26 | Steel Forged Swords |
| 13:27 | Reinforced Leather Armor |
| 14:00 | Peasant |
| 14:17 | Holy Light |
| 14:20 | Gryphon Rider |
| 14:21 | Storm Hammers |
| 14:22 | Animal War Training |
| 15:29 | Town Hall |
| 15:30 | Scout Tower |
| 15:31 | Scout Tower |
| 15:31 | Scout Tower |
| 15:32 | Scout Tower |
| 15:36 | Devotion Aura |
| 15:40 | Siphon Mana |
| 15:45 | Gryphon Rider |
| 16:11 | Guard Tower |
| 16:16 | Scout Tower |
| 16:17 | Scout Tower |
| 16:17 | Scout Tower |
| 17:17 | Gryphon Rider |
| 17:20 | Guard Tower |
| 17:38 | Storm Bolt |
| 17:49 | Scroll of Regeneration |
| 17:49 | Lesser Clarity Potion |
| 17:56 | Guard Tower |
| 18:01 | Arcane Vault |
| 18:02 | Farm |
| 18:02 | Farm |
| 18:16 | Scroll of Town Portal |
| 19:05 | Farm |
| 19:36 | Dragonhawk Rider |
| 19:46 | Staff of Sanctuary |
| 19:47 | Scroll of Regeneration |
| 19:51 | Farm |
| 19:53 | Farm |
| 20:13 | Dragonhawk Rider |
| 20:28 | Dragonhawk Rider |
| 22:05 | Banish |
| 22:59 | Holy Light |
| 23:06 | Dragonhawk Rider |
| 23:54 | Dragonhawk Rider |
| 24:15 | Scroll of Regeneration |
| 24:15 | Lesser Clarity Potion |
| 24:15 | Staff of Sanctuary |
| 26:06 | Peasant |
| 26:07 | Peasant |
| 26:10 | Siphon Mana |
| Right click | 1222 |
| Select group | 1199 |
| Select | 685 |
| Misc. action | 526 |
| Build/train/purchase | 117 |
| Use ability | 87 |
| Assign group | 39 |
| Item give/drop | 4 |
54 units @ 7.1k
/ 1.5k
21 buildings @ 3.7k
/ 1.7k

| Lesser Clarity Potion | 8 | 560 |
| Staff of Preservation | 1 | 150 |
| Potion of Mana | 5 | 1000 |
| Moonstone | 3 | 150 |
| Orb of Venom | 1 | 325 |
| Anti-magic Potion | 5 | 500 |
| Staff of Teleportation | 1 | 150 |
| Potion of Invisibility | 2 | 200 |
| Potion of Lesser Invulnerability | 2 | 300 |
| total: | 28 | 3335g |
| Wisp | 29 | 1740 | / | 0 |
| Archer | 1 | 130 | / | 10 |
| Dryad | 8 | 1160 | / | 480 |
| Druid of the Claw | 7 | 1785 | / | 560 |
| Mountain Giant | 2 | 700 | / | 200 |
| Druid of the Talon | 1 | 145 | / | 20 |
| Hippogryph | 1 | 160 | / | 20 |
| Goblin Shredder | 1 | 375 | / | 100 |
| Forest Troll Shadow Priest | 2 | 390 | / | 20 |
| Forest Troll Berserker | 2 | 490 | / | 60 |
| total: | 54 | 7075g | / | 1470w |
| Ancient Protector | 4 | 540 | / | 320 |
| Altar of Elders | 1 | 180 | / | 50 |
| Moon Well | 6 | 1080 | / | 240 |
| Ancient of War | 1 | 150 | / | 60 |
| Tree of Life | 2 | 680 | / | 370 |
| Hunter's Hall | 2 | 420 | / | 200 |
| Ancient of Wonders | 2 | 180 | / | 60 |
| Ancient of Lore | 2 | 310 | / | 290 |
| Ancient of Wind | 1 | 150 | / | 140 |
| Tree of Ages | 1 | 320 | / | 180 |
| Tree of Eternity | 1 | 330 | / | 200 |
| total: | 21 | 3690g | / | 1730w |
| 0:01 | Wisp |
| 0:02 | Wisp |
| 0:04 | Altar of Elders |
| 0:16 | Moon Well |
| 0:24 | Ancient of War |
| 0:31 | Wisp |
| 0:38 | Wisp |
| 0:46 | Wisp |
| 0:59 | Wisp |
| 1:11 | Wisp |
| 1:27 | Archer |
| 1:39 | Moon Well |
| 1:42 | Wisp |
| 1:42 | Wisp |
| 1:54 | Wisp |
| 2:05 | Fan of Knives |
| 2:38 | Wisp |
| 2:48 | Forest Troll Shadow Priest |
| 3:02 | Shadow Strike |
| 3:08 | Wisp |
| 3:09 | Tree of Life |
| 3:23 | Wisp |
| 3:40 | Forest Troll Berserker |
| 3:50 | Tree of Ages |
| 4:13 | Forest Troll Berserker |
| 4:25 | Fan of Knives |
| 4:50 | Moon Well |
| 5:34 | Forest Troll Shadow Priest |
| 5:42 | Hunter's Hall |
| 5:43 | Hunter's Hall |
| 5:45 | Ancient of Wonders |
| 5:59 | Staff of Teleportation |
| 6:15 | Wisp |
| 6:15 | Wisp |
| 6:44 | Wisp |
| 6:51 | Wisp |
| 6:51 | Wisp |
| 6:52 | Ancient of Lore |
| 6:52 | Ancient of Lore |
| 7:25 | Moon Well |
| 7:26 | Moon Well |
| 7:37 | Wisp |
| 7:38 | Wisp |
| 7:38 | Wisp |
| 7:39 | Tree of Eternity |
| 8:10 | Dryad |
| 8:10 | Abolish Magic |
| 8:10 | Druid of the Claw Adept Training |
| 8:20 | Wisp |
| 8:20 | Wisp |
| 8:20 | Wisp |
| 8:36 | Blink |
| 9:21 | Lesser Clarity Potion |
| 9:23 | Staff of Preservation |
| 9:25 | Potion of Mana |
| 9:27 | Moonstone |
| 9:33 | Druid of the Claw |
| 9:36 | Wisp |
| 9:36 | Wisp |
| 9:36 | Wisp |
| 10:09 | Orb of Venom |
| 10:20 | Druid of the Claw Master Training |
| 10:33 | Goblin Shredder |
| 10:39 | Lesser Clarity Potion |
| 10:40 | Potion of Mana |
| 10:47 | Anti-magic Potion |
| 10:54 | Druid of the Claw |
| 10:58 | Moon Well |
| 11:35 | Lesser Clarity Potion |
| 11:37 | Moonstone |
| 11:38 | Potion of Mana |
| 11:41 | Druid of the Claw |
| 11:53 | Ultravision |
| 11:58 | Ancient Protector |
| 12:14 | Druid of the Claw |
| 12:15 | Strength of the Wild |
| 12:18 | Fan of Knives |
| 12:55 | Mark of the Claw |
| 12:58 | Mountain Giant |
| 13:07 | Reinforced Hides |
| 13:11 | Ancient of Wind |
| 13:22 | Lesser Clarity Potion |
| 13:24 | Anti-magic Potion |
| 13:31 | Hardened Skin |
| 13:33 | Potion of Invisibility |
| 13:48 | Resistant Skin |
| 14:22 | Mountain Giant |
| 14:24 | Improved Strength of the Wild |
| 14:36 | Lesser Clarity Potion |
| 14:38 | Potion of Mana |
| 14:43 | Ancient of Wonders |
| 14:46 | Improved Reinforced Hides |
| 16:10 | Ancient Protector |
| 16:41 | Dryad |
| 16:48 | Spirit of Vengeance |
| 17:00 | Dryad |
| 17:40 | Dryad |
| 17:51 | Druid of the Talon |
| 18:04 | Moonstone |
| 18:06 | Lesser Clarity Potion |
| 18:07 | Potion of Mana |
| 18:09 | Anti-magic Potion |
| 18:17 | Druid of the Talon Adept Training |
| 18:56 | Ancient Protector |
| 18:57 | Ancient Protector |
| 19:00 | Wisp |
| 19:00 | Wisp |
| 19:12 | Lesser Clarity Potion |
| 19:26 | Potion of Invisibility |
| 19:28 | Potion of Lesser Invulnerability |
| 19:39 | Advanced Strength of the Wild |
| 19:40 | Advanced Reinforced Hides |
| 19:42 | Druid of the Talon Master Training |
| 20:40 | Well Spring |
| 22:05 | Dryad |
| 22:05 | Druid of the Claw |
| 22:21 | Shadow Strike |
| 22:32 | Druid of the Claw |
| 23:05 | Tree of Life |
| 23:53 | Dryad |
| 24:01 | Lesser Clarity Potion |
| 24:03 | Anti-magic Potion |
| 24:18 | Potion of Lesser Invulnerability |
| 25:17 | Dryad |
| 25:44 | Shadow Strike |
| 25:55 | Druid of the Claw |
| 25:55 | Dryad |
| 26:22 | Hippogryph |
| 26:30 | Anti-magic Potion |
| 26:44 | Blink |
| Right click | 2087 |
| Select | 746 |
| Select group | 726 |
| Build/train/purchase | 233 |
| Use ability | 85 |
| Misc. action | 57 |
| Assign group | 44 |
| Item give/drop | 10 |
| Esc | 5 |
| Minimap ping | 1 |